 Dungeon Crawl Stone Soup version 0.31.0-11-ge490571c62 (webtiles) character file.

Game seed: 15689175833285547898

549 CraigForest the Ruffian (level 7, -10/63 HPs)
             Began as a Troll Shapeshifter on Feb 4, 2024.
             Shot with an arrow by a centaur (12 damage)
             ... on level 5 of the Dungeon.
             The game lasted 00:07:50 (2788 turns).

CraigForest the Ruffian (Troll Shapeshifter)        Turns: 2788, Time: 00:07:51

Health: -10/63     AC:  4    Str: 25    XL:     7   Next: 7%
Magic:  6/6        EV: 10    Int:  6    God:
Gold:   277        SH:  0    Dex:  9    Spells: 5/6 levels left

rFire   . .          .
                       - Unarmed
rCold   . . .        (no shield)
rNeg    . . .        s - +0 robe
rPois   .            (helmet currently unavailable)
rElec   .            (cloak currently unavailable)
rCorr   .            (gloves unavailable)
SInv    .            (boots unavailable)
Will    .....        (no amulet)
Stlth   +            e - ring of flight
HPRegen 1.10/turn    (no ring)
MPRegen 0.10/turn

%: no passive effects
@: beast-form, flying
A: beast (slay +2), large, unfitting armour, claws 3, regeneration 1, shaggy fur
1, tough skin 1
a: Begin Untransformation


You were on level 5 of the Dungeon.
You were a hulking beast.
You visited 1 branch of the dungeon, and saw 5 of its levels.

You collected 277 gold pieces.

Inventory:

Hand Weapons
 g - a +0 sling
 o - a +4 spear
Armour
 a - a +0 animal skin
 r - a +0 robe
 s - a +0 robe (worn)
Jewellery
 e - a ring of flight (left claw)
 h - an amulet of faith
Talismans
 c - a beast talisman
 d - a flux talisman
Wands
 t - a wand of roots (8)
Scrolls
 f - a scroll of fog {unknown}
 i - a scroll of poison {unknown}
 j - a scroll of amnesia {unknown}
 k - a scroll of immolation
 m - a scroll of blinking {unknown}
 n - a scroll of noise {unknown}
 p - a scroll of summoning {unknown}
 w - a scroll of revelation {unknown}
Potions
 b - a potion of lignification
 l - a potion of haste {unknown}
 q - a potion of attraction {unknown}
 u - 4 potions of curing {unknown}
 v - a potion of heal wounds {unknown}
 x - a potion of magic {unknown}
 z - 2 potions of mutation {unknown}
 A - a potion of berserk rage {unknown}


   Skills:
 + Level 1.8 Fighting
 + Level 2.8 Dodging
 + Level 6.1 Unarmed Combat
 + Level 4.5 Shapeshifting


You had 5 spell levels left.
You knew the following spells:

 Your Spells              Type           Power      Damage    Failure   Level
a - Shock                 Conj/Air       0%         1d3       45%         1

Your spell library contained the following spells:

 Spells                   Type           Power      Damage    Failure   Level
 Summon Small Mammal      Summ           0%         N/A       45%         1
 Call Canine Familiar     Summ           0%         N/A       83%         3
 Dazzling Flash           Conj/Hex       0%         N/A       83%         3
 Passwall                 Erth           0%         N/A       83%         3
 Swiftness                Air            0%         N/A       83%         3
 Volatile Blastmotes      Fire/Tloc      0%         2d10      83%         3
 Airstrike                Air            0%         2d(0-16)  99%         4
 Animate Armour           Summ/Erth      0%         N/A       99%         4
 Petrify                  Alch/Erth      0%         N/A       99%         4
 Summon Blazeheart Golem  Fire/Summ      0%         N/A       99%         4
 Conjure Ball Lightning   Conj/Air       0%         3x3d6     100%        6
 Starburst                Conj/Fire      0%         6d3       100%        6
 Maxwell's Capacitive Co  Air            0%         ∞         100%        8


Dungeon Overview and Level Annotations

Branches:
Dungeon (5/15)
 Temple: D:4-7

Altars:


Innate Abilities, Weirdness & Mutations

You are a hulking beast.
Your limbs bulge with bestial killing power. (Slay +2)
You are too large for most types of armour.
You have claws for hands.
Your natural rate of healing is unusually fast.
You are covered in fur. (AC +1)
You have tough skin. (AC +1)


Message History

Your magical contamination has completely faded away.
Found 8 gold pieces.
A black bear comes into view.
Found 17 gold pieces and a translucent long sword.
Found a stone staircase leading down.
The black bear growls angrily.
You hear an angry hiss.
You hear a shout!
The orc wizard attacks as it pursues you!
The orc wizard hits you but does no damage.
A centaur comes into view.
The centaur shouts!
The black bear closely misses you. x2; The black bear claws you.
You scratch the black bear. You claw the black bear!
The black bear is heavily wounded.
The centaur wields a +0 orcbow.
The centaur shoots an arrow.
The arrow hits you! The black bear bites you.
The black bear barely misses you. x2
The orc wizard casts a spell at you. The puff of flame hits you!
You barely miss the black bear.
The black bear is heavily wounded.
A centaur comes into view.
The black bear bites you but does no damage.
The black bear claws you but does no damage.
The black bear claws you. The orc wizard completely misses you.
The centaur shouts!
You claw the black bear!
The black bear is almost dead.
The centaur shoots an arrow.
The arrow hits you!
An iguana comes into view.
The black bear bites you. The black bear claws you. x2
The orc wizard hits you with a +0 dagger.
* * * LOW HITPOINT WARNING * * *
The centaur wields a +0 orcbow.
The centaur shoots an arrow.
The arrow hits you.
* * * LOW HITPOINT WARNING * * *
You claw the black bear!
You kill the black bear!
The centaur shoots an arrow.
The arrow hits you!
* * * LOW HITPOINT WARNING * * *
The centaur shoots an arrow.
The arrow hits you!
You die...

.>.....## ###
#.......# ..#
#.......## #.#
#........ #.#
#.......# #.#
#.$.[...# #.#
###.......####.###
...$..†ho......)<#
..........##...###
......######...#
...)c. .....#
..... ###.#.#
###c# ..#.# .l
####.# .. #.#


You could see 2 centaurs, an iguana and an orc wizard.

Vanquished Creatures
  2 black bears
  A bullfrog (D:4)
  2 orc priests
  A bombardier beetle (D:4)
  A sleepcap (D:4)
  An iguana (D:4)
  An orc wizard (D:3)
  Robin (D:2)
  3 gnolls (D:3)
  5 adders
  A shadow imp (D:4)
  3 ribbon worms
  A dart slug (D:1)
  18 orcs
  10 ball pythons
  7 bats
  9 endoplasms
  2 giant cockroaches
  14 goblins
  12 hobgoblins
  5 quokkas
  A frilled lizard (D:1)
  7 kobolds
  8 rats
116 creatures vanquished.

Notes
Turn   | Place    | Note
-------+----------+-------------------------------------------
     0 | D:1      | CraigForest the Troll Shapeshifter began the quest for the
                  | Orb.
     0 | D:1      | Reached XP level 1. HP: 18/18 MP: 0/0
    92 | D:1      | Reached XP level 2. HP: 26/26 MP: 1/1
   305 | D:1      | Found a faded altar of an unknown god.
   550 | D:1      | Reached XP level 3. HP: 32/32 MP: 2/2
   898 | D:2      | Noticed Robin
   924 | D:2      | Killed Robin
   955 | D:2      | Reached skill level 4 in Unarmed Combat
   955 | D:2      | Reached XP level 4. HP: 40/40 MP: 3/3
   960 | D:2      | Reached skill level 1 in Fighting
  1607 | D:3      | Reached XP level 5. HP: 48/48 MP: 4/4
  1705 | D:3      | Reached skill level 5 in Unarmed Combat
  1802 | D:3      | Got the Directory of the Storm and the Tektite
  2037 | D:4      | Noticed a black bear
  2046 | D:4      | Killed a black bear
  2047 | D:4      | Reached XP level 6. HP: 51/55 MP: 5/5
  2069 | D:4      | Learned a level 1 spell: Shock
  2363 | D:4      | Reached skill level 6 in Unarmed Combat
  2471 | D:4      | Reached XP level 7. HP: 63/63 MP: 6/6
  2771 | D:5      | Entered Level 5 of the Dungeon
  2788 | D:5      | HP: 2/63 [centaur/arrow (10)]
  2788 | D:5      | Shot with an arrow by a centaur

Illustrated notes

Levels and vault maps discovered:
D:1:      ncdulo_halloftheorcs, layout_loops_cross,
          hellmonk_ecumenical_altar_blasted, dreamdust_princess_corridor,
          chequers_serial_rivers_small_3
D:2:      layout_loops_ring, corexii_corridor_pit, fountainhead, uniq_robin
D:3:      layout_basic, chequers_serial_rivers_micro_d, palyth_stone_intersect
D:4:      layout_cave_pools, chequers_serial_rivers_small_b
D:5:      kennysheep_steamy, layout_basic, nicolae_shop_unique_rings,
          eino_tiny_chamber

Skill      XL: |  1  2  3  4  5  6 |
---------------+-------------------+-----
Unarmed Combat | 4 5 6 |  6.1
Fighting       | 1 |  1.8
Shapeshifting  | 4 |  4.5
Dodging        | 2 |  2.8

Action                     |  1- 3 |  4- 6 |  7- 9 || total
---------------------------+-------+-------+-------++-------
  Melee: Unarmed           |    97 |   145 |    15 ||   257
         Punch             |     1 |     2 |     1 ||     4
   Stab: Sleeping          |     1 |       |       ||     1
 Armour: Animal skin       |    59 |     9 |       ||    68
         Robe              |       |    83 |    19 ||   102
  Dodge: Dodged            |    40 |    69 |    10 ||   119
